Map: Temple gelé

Players

zidar - Winner!

  • Race: Zerg Zerg
  • League: Silver
  • Spawn Location: 11:00

Khelekfin

  • Race: Protoss Protoss
  • League: Silver
  • Spawn Location: 5:00

VOD

Have the link to the VOD?

Description

Time

  • Played on: May 13, 2016, 10:08 a.m.
  • Length: 8:53
Show
View Real Time Build Order
Export as new Build Order

zidar Zerg - Winner!

Build Orders: 3 Hatch before Pool 

Get SALT Encoding   

  12  0:01  Drone  
  13  0:12  Overlord  
  13  0:17  Drone  
  14  0:31  Drone x2  
  14  0:35  Drone  
  17  0:56  Hatchery  
  16  0:58  Drone  
  17  1:23  Drone  
  18  1:26  Hatchery  
  17  1:39  Spawning Pool  
  16  1:40  Drone  
  17  1:50  Overlord  
  17  1:52  Drone  
  18  1:54  Drone  
  18  2:00  Extractor  
  17  2:10  Drone x2  
  19  2:26  Queen  
  19  2:27  Queen  
  23  2:31  Drone  
  23  2:36  Extractor  
  23  2:44  Zergling x6  
  23  2:45  Zergling x2  
  27  3:10  Lair, Roach Warren  
  26  3:16  Drone x2  
  26  3:19  Drone  
  29  3:23  Drone  
  30  3:33  Overlord  
  30  3:45  Queen  
  32  3:49  Overlord  
  32  3:53  Drone  
  33  3:56  Drone  
  33  3:59  Drone  
  35  4:17  Drone  
  36  4:20  Drone x5  
  36  4:21  Drone  
  42  4:36  Drone  
  42  4:37  Metabolic Boost  
  42  4:40  Glial Reconstitution  
  42  4:46  Hydralisk Den  
  41  4:57  Roach x4  
  49  5:01  Overlord  
  49  5:02  Overlord  
  49  5:20  Drone x9  
  58  5:32  Muscular Augments  
  58  5:37  Evolution Chamber  
  58  5:38  Overseer  
  58  5:39  Pneumatized Carapace  
  58  5:40  Evolution Chamber  
  56  5:45  Drone x4  
  56  5:49  Extractor  
  59  5:51  Extractor  
  58  5:57  Hydralisk x3  
  64  6:09  Extractor  
  64  6:10  Drone  
  64  6:11  Drone  
  65  6:13  Overlord x3, Extractor  
  66  6:32  Roach  
  66  6:33  Roach x7, Hydralisk  
  82  6:53  Lurker Den  
  82  6:56  Overlord x3  
  82  7:38  Hydralisk x5  
  82  7:41  Hatchery  
  91  7:57  Zergling x28  
  105  8:12  Drone  
  106  8:15  Overlord x3  
Show
View Real Time Build Order
Export as new Build Order

Khelekfin Protoss 

Build Orders: Nexus First 

Get SALT Encoding   

  12  0:01  Probe (Chrono Boost)  
  13  0:11  Probe (Chrono Boost)  
  14  0:20  Pylon  
  14  0:25  Probe (Chrono Boost)  
  15  0:38  Probe (Chrono Boost)  
  16  0:49  Probe (Chrono Boost)  
  17  1:01  Nexus  
  17  1:11  Gateway  
  17  1:16  Probe (Chrono Boost)  
  18  1:22  Assimilator  
  18  1:26  Probe (Chrono Boost)  
  18  1:28  Assimilator  
  19  1:39  Probe (Chrono Boost)  
  20  1:50  Probe (Chrono Boost)  
  21  1:59  Cybernetics Core  
  21  2:02  Zealot  
  23  2:12  Assimilator  
  23  2:14  Probe (Chrono Boost)  
  24  2:15  Assimilator  
  24  2:24  Probe (Chrono Boost)  
  24  2:28  Pylon  
  25  2:33  Pylon  
  25  2:35  Mothership Core (Chrono Boost)  
  27  2:42  Warp Gate  
  27  2:46  Probe (Chrono Boost)  
  28  2:53  Stalker  
  28  2:54  Probe (Chrono Boost)  
  28  2:56  Probe (Chrono Boost)  
  32  3:01  Pylon  
  32  3:04  Probe (Chrono Boost)  
  33  3:07  Probe (Chrono Boost)  
  34  3:15  Probe (Chrono Boost)  
  35  3:25  Probe (Chrono Boost)  
  36  3:36  Probe (Chrono Boost)  
  37  3:41  Pylon  
  37  3:44  Robotics Facility  
  37  3:45  Gateway  
  37  3:46  Probe (Chrono Boost)  
  38  3:50  Gateway  
  38  3:57  Probe (Chrono Boost)  
  39  4:07  Probe (Chrono Boost)  
  40  4:10  Pylon  
  40  4:15  Pylon  
  40  4:18  Probe (Chrono Boost)  
  41  4:38  Nexus  
  41  4:39  Pylon  
  41  4:44  Pylon  
  41  4:53  Probe (Chrono Boost)  
  41  4:54  Robotics Bay  
  41  4:56  Probe (Chrono Boost)  
  43  5:03  Sentry  
  43  5:04  Sentry, Probe (Chrono Boost)  
  43  5:06  Probe (Chrono Boost)  
  49  5:14  Probe (Chrono Boost)  
  49  5:18  Sentry  
  52  5:22  Probe (Chrono Boost)  
  52  5:25  Probe (Chrono Boost)  
  54  5:31  Immortal  
  54  5:33  Probe (Chrono Boost)  
  59  5:36  Probe (Chrono Boost)  
  59  5:39  Sentry x2  
  64  5:43  Probe (Chrono Boost)  
  64  5:46  Probe (Chrono Boost)  
  66  5:52  Probe (Chrono Boost)  
  66  5:54  Probe (Chrono Boost)  
  68  5:59  Adept  
  68  6:03  Probe (Chrono Boost)  
  71  6:04  Probe (Chrono Boost)  
  71  6:09  Disruptor  
  75  6:11  Forge  
  75  6:14  Probe (Chrono Boost)  
  75  6:16  Probe (Chrono Boost)  
  77  6:21  Assimilator  
  77  6:24  Probe (Chrono Boost), Assimilator  
  78  6:26  Probe (Chrono Boost)  
  78  6:27  Pylon  
  78  6:28  Sentry, Stalker  
  78  6:29  Sentry  
  78  6:31  Pylon  
  85  6:35  Probe (Chrono Boost)  
  86  6:45  Probe (Chrono Boost), Disruptor  
  90  6:54  Stalker x3  
  90  6:56  Probe (Chrono Boost)  
  90  7:01  Twilight Council  
  97  7:06  Probe (Chrono Boost)  
  97  7:07  Probe (Chrono Boost)  
  99  7:17  Probe (Chrono Boost)  
  99  7:18  Probe (Chrono Boost)  
  99  7:21  Zealot x2, Disruptor  
  99  7:22  Stalker  
  110  7:27  Probe (Chrono Boost)  
  110  7:28  Probe (Chrono Boost)  
  112  7:38  Probe (Chrono Boost)  
  113  7:48  Probe (Chrono Boost)  
  114  7:53  Stalker x2  
  114  7:54  Stalker  
  114  7:56  Disruptor  
  123  8:03  Gateway  
  123  8:04  Gateway  
  123  8:07  Gateway  
  123  8:11  Pylon  
  123  8:14  Pylon  
  123  8:21  Gateway  
  123  8:22  Gateway  
  123  8:27  Gateway  
  123  8:38  Stalker x2  
  123  8:39  Stalker  
Tags
 
Add a new tag
Caveats
  • Supply blocks, unpowered buildings, or Contaminate may cause inaccurate times.
  • Supply counts are checked every 10 seconds.